← All builds
Tech / Armada / Economy first / OBSERVED BUILD

Standard tech

Armada Tech (Eco) build order · Supreme Isthmus

Rushes T2 by 4:15, gets Advanced Metal Extractor around 5:28, hands off T2 constructors to Geo and the team, then scales eco and supplies the team's T2 needs through the rest of the game.

Usually first T2 con to Geo (83%)

#eco #t2 #team support · 1591 distinct matches · 254 players · 60% of Armada Tech games · team won 53% of 1901 · Recently observed

HOW TO PLAY IT

Key timing: T2 factory by 4:15

  1. Open 3 mex and heavy wind to fund a fast T2 rush.
  2. Put down Bot Lab, planning to eat it for reclaim soon after.
  3. Get Advanced Bot Lab up, hitting the T2 factory rush timing.
  4. Upgrade mex to Advanced Metal Extractor to lock in team metal income.
  5. Eat Advanced Bot Lab and keep sending cons to Geo and Pond.

Phase by phase

TYPICAL OF ITS 1591 GAMES
  1. 1
  2. 2
  3. 3
  4. 4
PLAY THE OPENING

Follow the example game's first 6:00 step by step: what to build now, what comes next, and where it goes. At 1× it keeps pace with your own game.

  1. 1

    Up to the Bot Lab

    Economy
    • Metal Extractor3Mex
    • Wind Turbine4Wind
    Order
    1. Bot LabBot Lab after 3 mex, 4 winddone ~1:18, middle half 1:13–1:32

    Some games also: energy storage (31%)

    By 1:01 in all: 3 mex · 4 wind

    The example game in this phase · 4 steps
    1. Mex ×3
    2. Wind ×4
    3. Energy storage
    4. Bot LabBot Labdone 1:31 · typical 1:18
  2. 2

    Bot Lab to Advanced Bot Lab

    Economy
    • Metal Extractor1Mex
    • Wind Turbine8Wind
    • Energy Storage1Energy storage
    Order
    1. Advanced Bot LabAdvanced Bot Lab after 4 mex, 12 wind, 3 con turretdone ~4:16, middle half 4:04–4:30
    Builders
    • Construction Turret3 Con turret
    • Lazarus3 Lazarus
    • Construction Bot2 Con bot
    • Construction Bot1 Con bot for allies

    Some games also: converter (36%)

    By 3:18 in all: 4 mex · 12 wind · 1 energy storage · 3 con turret

    The example game in this phase · 20 steps
    1. Construction BotCon bot
    2. LazarusLazarus ×2
    3. Construction BotCon botfor Air
    4. LazarusLazarus
    5. Mex
    6. LazarusLazarus
    7. Construction BotCon bot ×2
    8. Con turret
    9. Wind
    10. Con turret
    11. Wind
    12. Con turret
    13. Wind
    14. Bot LabEat Bot Labreclaimed for its metal
    15. Wind ×2
    16. Converter
    17. Wind ×4
    18. Converter
    19. Wind
    20. Advanced Bot LabAdvanced Bot Labdone 4:56 · typical 4:16
  3. 3

    Advanced Bot Lab to 5:00

    Economy
    • Wind Turbine3Wind
    Order
    1. Bot LabEat Bot Lab
    Builders
    • Advanced Construction Bot1 T2 con bot for allies

    Some games also: converter (35%)

    By 5:00 in all: 4 mex · 15 wind · 1 converter · 1 energy storage · 3 con turret

    The example game in this phase · 4 steps
    1. Wind ×10
    2. Advanced Construction BotT2 con botfor Geo
    3. Converter
    4. Wind
  4. 4

    5:00 to 10:00

    Economy
    • Wind Turbine43Wind
    • Energy Converter6Converter
    Builders
    • Butler9 Butler
    • Advanced Construction Bot4 T2 con bot for allies
    • Advanced Construction Bot1 T2 con bot

    Some games also: con turret (43%) · Butler for allies (37%)

    By 10:00 in all: 4 mex · 58 wind · 8 converter · 1 energy storage · 3 con turret

    The example game in this phase · 202 steps
    1. Wind ×4
    2. Advanced Metal ExtractorT2 mexdone 6:04 · typical 5:28
    3. Wind ×3
    4. Converter
    5. Wind
    6. SharpshooterSniper botfor Ponddone 6:02
    7. Wind
    8. Converter ×2
    9. Wind
    10. SharpshooterSniper botfor Pond
    11. Wind
    12. Converter
    13. Wind
    14. Converter
    15. Wind
    16. Converter
    17. Wind
    18. Converter
    19. Wind
    20. Converter
    21. Wind
    22. Converter
    23. Advanced Construction BotT2 con botfor Air
    24. Converter
    25. Wind
    26. Converter
    27. SprinterSprinterfor Beach sea
    28. Wind
    29. Converter
    30. Advanced Metal ExtractorT2 mex
    31. SprinterSprinterfor Beach sea
    32. Wind
    33. SprinterSprinter
    34. Wind
    35. Converter
    36. Wind ×3
    37. Converter
    38. Advanced Construction BotT2 con botfor Geo sea
    39. Wind
    40. Converter
    41. Wind
    42. Wind
    43. Wind
    44. Converter
    45. Wind ×2
    46. Converter
    47. Wind
    48. ButlerButler
    49. Advanced Metal ExtractorT2 mex
    50. Wind
    51. Converter
    52. ButlerButler
    53. SprinterSprinter
    54. Wind
    55. SprinterSprinter ×2
    56. Wind ×2
    57. SprinterSprinter
    58. Wind
    59. Converter
    60. SprinterSprinter
    61. Wind
    62. ButlerButler
    63. Wind ×2
    64. Converter
    65. Wind
    66. Converter
    67. Wind
    68. Advanced Construction BotT2 con botfor Front
    69. Wind
    70. Converter
    71. Wind ×3
    72. ButlerButler
    73. Wind
    74. Advanced Metal ExtractorT2 mex
    75. ButlerButler ×2
    76. Converter
    77. ButlerButler ×2
    78. Converter
    79. ButlerButler ×2
    80. Converter
    81. Advanced Construction BotT2 con botfor Suicide front
    82. Wind
    83. Converter
    84. Wind
    85. Advanced Construction BotT2 con botfor Pond
    86. Wind ×2
    87. Converter
    88. Wind ×4
    89. Converter
    90. Wind
    91. Converter
    92. Wind ×5
    93. Converter
    94. Wind ×3
    95. Converter
    96. Wind ×4
    97. Converter
    98. Wind ×2
    99. PlatypusPlatypusfor Front
    100. Wind
    101. Converter
    102. Wind ×2
    103. PlatypusPlatypusfor Front
    104. Wind ×2
    105. Converter
    106. Wind ×2
    107. PlatypusPlatypusfor Front
    108. Wind
    109. Converter
    110. Wind ×2
    111. PlatypusPlatypus
    112. Wind
    113. ButlerButler
    114. Converter
    115. Wind ×2
    116. PlatypusPlatypusfor Front
    117. Wind
    118. Converter
    119. Wind ×2
    120. PlatypusPlatypusfor Front
    121. Wind ×2
    122. Converter
    123. Wind
    124. PlatypusPlatypusfor Front
    125. Wind ×2
    126. Converter
    127. Wind
    128. PlatypusPlatypusfor Front
    129. Wind ×2
    130. Con turret
    131. Converter
    132. Wind ×3
    133. Converter
    134. Wind
    135. PlatypusPlatypusfor Front
    136. Con turret
    137. Wind ×2
    138. Converter
    139. Wind ×3
    140. Con turret
    141. PlatypusPlatypusfor Front
    142. Converter
    143. Wind ×3
    144. Converter
    145. PlatypusPlatypusfor Front
    146. Energy storage
    147. Wind ×3
    148. Converter
    149. PlatypusPlatypusfor Front
    150. Energy storage
    151. Wind ×3
    152. Converter
    153. PlatypusPlatypusfor Front
    154. Wind ×3
    155. Converter
    156. Wind ×2
    157. Converter
    158. Wind
    159. PlatypusPlatypusfor Front
    160. Wind ×2
    161. Converter
    162. PlatypusPlatypusfor Front
    163. Wind ×3
    164. Converter
    165. Wind ×2
    166. PlatypusPlatypusfor Front
    167. Wind
    168. Converter
    169. Wind ×3
    170. Converter
    171. Wind
    172. Advanced Bot LabEat Advanced Bot Labreclaimed for its metal
    173. Wind
    174. Aircraft PlantAircraft Plantdone 14:27
    175. Wind
    176. Converter
    177. Aircraft PlantAircraft Plantdone 14:32
    178. Wind ×3
    179. Converter
    180. BlinkScout plane ×2
    181. Wind
    182. Con turret
    183. FalconFighter
    184. Wind ×2
    185. Converter
    186. Con turret
    187. Wind ×3
    188. FalconFighter ×2
    189. Converter
    190. Wind ×2
    191. Con turret
    192. FalconFighter
    193. Wind
    194. Con turret
    195. Wind ×3
    196. Converter
    197. FalconFighter
    198. Con turret
    199. FalconFighter
    200. Wind
    201. Converter
    202. Wind

Counts are medians over the build's games: half of them build more, half fewer. The example game is [Crd]HahnII's (31 OS, 14/10/2026); pick another.

Team trades

IN AT LEAST 30% OF ITS GAMES

You hand over

  • Construction Bot1 Con bot to Airfirst at 2:23 · in 84% of games
  • Advanced Construction Bot5 T2 con bot to Air or Pond or Geo seafirst at 4:50 · in 99% of games
  • Butler2 Butler to Geo sea or Beach sea or Pondfirst at 9:06 · in 42% of games

You get

  • Hercules1 Light transport from Airfirst at 4:01 · in 86% of games

How it plays out

Typical game of this build, running totals by minute

Metal produced

020k40k
0:005:0010:0015:00

metal

Enemy metal destroyed

050100150
0:005:0010:0015:00

metal

Own metal lost

050100150
0:005:0010:0015:00

metal

1901 games.

Show as table
ByMetal produced: This buildEnemy metal destroyed: This buildOwn metal lost: This build
1:0038300
2:0091500
3:00165200
4:00314400
5:00484800
6:00580200
7:00723000
8:00906500
9:001117900
10:001352400
11:001624200
12:001965200
13:002342800
14:0027285074
15:0031507115130
WHAT THE NUMBERS SAY

Standard Tech play barely fights at all early, instead pouring metal into T2 infrastructure and constructors for the team.

  • + Metal produced hits 31679 by 15:00, by far the highest of any role here.
  • + T2 factory reached in 97% of games by 4:15, fastest and most reliable T2 timing.
  • − Enemy metal destroyed stays at 0 through 10:00, no early offense at all.
  • − Own metal lost also near 0, showing total avoidance of combat risk.
THE EXAMPLE YOU ARE READING

[Crd]HahnII

30.9 OS · 14/10/2026

Open source match ↗

2 received units
2789 metal received · 47458 energy received

Allied construction assistance is unknown. Timings are observations, not a promise of solo reproducibility.

Typical milestones

Bot Lab1:18Middle 50%: 1:13–1:32 · n=1901
Advanced Bot Lab4:16Middle 50%: 4:04–4:30 · n=1894
Advanced Metal Extractor5:28Middle 50%: 5:05–5:59 · n=1897

Played most by

Amrissa97games of this buildTheGeneraI70games of this buildAdeus57games of this buildEl_Turco55games of this buildKOT_45games of this build